AoeStats
← earlitepainters

Arena

510212433Analyzed
1v1 RM · 3d ago on Sep 30, 2026· 19m 53s· 2 players
Game mode
Random Map
Map size
Tiny (2 player)
Population
200
Speed
Normal
Resources
Standard
Victory
Conquest
Starting age
Dark Age
Ending age
Imperial Age
RankedLock teamsTeams togetherTeam positionsShared explorationLock speedFull tech treeHidden civsTurbo modeCheats
Victory
Defeat
🇦🇺 Turks · Australia
1305
+14
🇵🇪 Persians · Peru
1264
-14
earlitepainters
10:36 Feudal Age
12:37 Loom
15:21 Castle Age
14:02 Double-Bit Axe
14:34 Horse Collar
16:37 Scale Barding Armor
luisbch9
10:23 Feudal Age
14:40 Castle Age
12:52 Double-Bit Axe
14:23 Stone Mining
15:37 Loom
Connection lost

Rejoining the realm…

Still unreachable

The connection could not be restored.

Session expired

The server has moved on; the page needs a fresh start.